Connexion

Crunch vs Sound Tigers

Created - 27 avril 2024 at 07:51

Goals
1 2 3 T
Crunch 3 1 0 4
Sound Tigers 3 1 1 5
Shots
1 2 3 T
Crunch 11 14 7 32
Sound Tigers 12 8 21 41

GoalsPenalties
1st period
1. Crunch , Jaycob Megna 2 (Thomas Tynan 6, Mike Vecchione 5) at 0:16
2. Sound Tigers , Brett Ritchie 3 (Ryan MacInnis 3, Markus Phillips 5) at 3:02
3. Crunch , Kody Clark 1 (Thomas Tynan 7, Jaycob Megna 2) at 6:05
4. Sound Tigers , Eric Staal 4 (Tyler Pitlick 5) at 14:32
5. Crunch , Xavier Bouchard 1 (Riley Nash 3, Garnet Hathaway 5) at 15:37
6. Sound Tigers , Joel Armia 1 (Jaret Anderson-Dolan 3, Travis Dermott 5) at 17:51
No Penalty
2nd period
7. Sound Tigers , Travis Dermott 1 (Ashton Sautner 5) at 3:50 (SH)
8. Crunch , Riley Nash 1 (Blaine Byron 7, Vojtech Budik 1) at 14:11
Zach Bogosian (BRP) for Hooking (Minor) at 3:40
Zach Bogosian (BRP) for Cross-checking (Minor) at 14:44
3rd period
9. Sound Tigers , Brett Ritchie 4 (Ryan MacInnis 4, Markus Phillips 6) at 19:00
Zach Bogosian (BRP) for Delaying the game (Minor) at 3:36
Goalie Stats
Tyler Parsons (SYR), 36 saves from 41 shots - (0,878), L, 5-4-0, 59:21 minutes
Brandon Bussi (BRP), 28 saves from 32 shots - (0,875), W, 6-2-0, 60:00 minutes
3 StarsOfficial
1 - Brett Ritchie (BRP)
2 - Travis Dermott (BRP)
3 - Markus Phillips (BRP)
Referees : Kevin Pollock and Gord Dwyer
Linesman : Brad Kovachik and Brad Lazarowich
Game Note
No Game Note
Finance
Level 1 -- Attendance: 1342 (67,10%) -- Ticket Income $87,230
Level 2 -- Attendance: 562 (56,20%) -- Ticket Income $28,100
Total Attendance: 1904 (63,47%)
Total Ticket Income: $115,330
Other Income: $23,066
Total Income: $138,396



Team Name Goals Shots Shots Attemp Shots Blocked PIM HIT PP PK FO%
Crunch 43275140220 / 3 (0%)061%
Sound Tigers 54180156250 / 0 (0,00%039%

Crunch
Player Name POS G A P +/- PIM HIT SHT SB MP PP MP PP SHT PK MP PK SHT FO% FOT
Aaron LuchukC000000000:080:0800:0000% 0
Austin StrandD000-2010325:493:1100:0000% 0
Axel AnderssonD0000013420:502:3800:0000% 0
Blaine ByronC/LW0112003021:372:3430:00067% 3
Garnet HathawayRW0112060121:372:3400:00033% 3
Jaycob MegnaD112-2011025:493:1100:0000% 0
Jean-Christophe BeaudinC/RW000-1004013:030:0810:00039% 18
Kody ClarkRW101-201204:560:0000:0000% 0
Mason ShawC/LW0000026020:243:1500:000100% 1
Mike VecchioneC/RW0110010020:243:1500:000100% 1
Mikko KokkonenD0000020020:502:3800:0000% 0
Nicolas Aube-KubelRW000-1023013:030:0800:0000% 0
Patrick HarperC/LW000-200104:560:0000:00067% 9
Paul BittnerLW000-1011012:550:0000:0000% 0
Riley NashC1122003021:372:3400:00073% 26
Thomas TynanC022-2003125:203:1510:00061% 28
Vojtech BudikD0111011113:210:0810:0000% 0
Xavier BouchardD1011031413:210:0800:0000% 0
Sound Tigers
Player Name POS G A P +/- PIM HIT SHT SB MP PP MP PP SHT PK MP PK SHT FO% FOT
Ashton SautnerD0110021325:480:0003:2010% 0
Brett RitchieRW2022035014:090:0000:0000% 2
Christian WolaninD000-2020020:270:0002:5400% 0
Eric StaalC/LW101-1014019:590:0002:06048% 27
Jack KopackaLW0002004015:180:0001:09050% 2
Jaret Anderson-DolanC0110004021:430:0003:37043% 21
Jesper FasthLW/RW000-1003019:010:0000:5500% 3
Jimmy SchuldtD0003042116:150:0002:1300% 0
Jimmy VeseyLW/RW000000003:550:0000:0000% 0
Joel ArmiaRW1010037225:520:0003:51014% 14
Lukas SedlakC/LW000-1000117:530:0000:0000% 0
Markus PhillipsD0223010114:260:0000:2400% 0
Martin PospisilC000000003:550:0000:00050% 4
Rourke ChartierC000000000:160:0000:1600% 0
Ryan MacInnisC0222002014:090:0000:00053% 15
Travis DermottD1120034325:310:0003:0310% 0
Tyler PitlickC/RW011-1014017:530:0000:0000% 1
Zach BogosianD000-2651417:300:0000:0000% 0



Play-by-Play

1st period


0:01 of 1st period - Jaret Anderson-Dolan wins face-off versus Thomas Tynan in neutral zone.
0:14 of 1st period - Shot by Thomas Tynan.
0:14 of 1st period - Shot Blocked by Joel Armia.
0:16 of 1st period - Shot by Jaycob Megna.
0:16 of 1st period - Goal by Jaycob Megna - Crunch : 1 - Sound Tigers : 0.
0:17 of 1st period - Eric Staal wins face-off versus Garnet Hathaway in neutral zone.
0:45 of 1st period - Eric Staal is hit by Garnet Hathaway and loses puck.
1:12 of 1st period - Icing by Tyler Pitlick.
1:13 of 1st period - Thomas Tynan wins face-off versus Eric Staal in Sound Tigers zone.
1:26 of 1st period - Austin Strand is hit by Tyler Pitlick and loses puck.
1:32 of 1st period - Mike Vecchione is hit by Zach Bogosian.
1:40 of 1st period - Shot by Mason Shaw.
1:40 of 1st period - Stopped by Brandon Bussi with a rebound.
1:47 of 1st period - Icing by Eric Staal.
1:48 of 1st period - Eric Staal wins face-off versus Jean-Christophe Beaudin in Sound Tigers zone.
2:19 of 1st period - Shot by Jaret Anderson-Dolan.
2:19 of 1st period - Stopped by Tyler Parsons with a rebound.
2:21 of 1st period - Shot by Joel Armia.
2:21 of 1st period - Shot Misses the Net.
2:23 of 1st period - Shot by Joel Armia.
2:23 of 1st period - Shot Misses the Net.
2:41 of 1st period - Shot by Joel Armia.
2:41 of 1st period - Stopped by Tyler Parsons without a rebound.
2:42 of 1st period - Patrick Harper wins face-off versus Ryan MacInnis in Crunch zone.
2:42 of 1st period - Patrick Harper is hit by Brett Ritchie.
3:02 of 1st period - Shot by Brett Ritchie.
3:02 of 1st period - Goal by Brett Ritchie - Crunch : 1 - Sound Tigers : 1.
3:03 of 1st period - Riley Nash wins face-off versus Joel Armia in neutral zone.
3:30 of 1st period - Shot by Blaine Byron.
3:30 of 1st period - Shot Misses the Net.
3:32 of 1st period - Shot by Mikko Kokkonen.
3:32 of 1st period - Shot Misses the Net.
3:34 of 1st period - Shot by Riley Nash.
3:34 of 1st period - Shot Misses the Net.
3:36 of 1st period - Shot by Riley Nash.
3:36 of 1st period - Stopped by Brandon Bussi without a rebound.
3:37 of 1st period - Thomas Tynan wins face-off versus Brett Ritchie in Sound Tigers zone.
3:37 of 1st period - Thomas Tynan is hit by Jimmy Schuldt.
4:43 of 1st period - Nicolas Aube-Kubel is hit by Jimmy Schuldt and loses puck.
4:46 of 1st period - Shot by Paul Bittner.
4:46 of 1st period - Shot Misses the Net.
4:51 of 1st period - Jean-Christophe Beaudin is hit by Jimmy Schuldt and loses puck.
5:04 of 1st period - Shot by Vojtech Budik.
5:04 of 1st period - Shot Blocked by Jimmy Schuldt.
5:34 of 1st period - Shot by Travis Dermott.
5:34 of 1st period - Shot Blocked by Axel Andersson.
5:36 of 1st period - Shot by Jesper Fasth.
5:36 of 1st period - Stopped by Tyler Parsons without a rebound.
5:37 of 1st period - Patrick Harper wins face-off versus Tyler Pitlick in Crunch zone.
6:05 of 1st period - Shot by Kody Clark.
6:05 of 1st period - Goal by Kody Clark - Crunch : 2 - Sound Tigers : 1.
6:06 of 1st period - Riley Nash wins face-off versus Jaret Anderson-Dolan in neutral zone.
6:11 of 1st period - Shot by Riley Nash.
6:11 of 1st period - Stopped by Brandon Bussi with a rebound.
6:13 of 1st period - Shot by Axel Andersson.
6:13 of 1st period - Stopped by Brandon Bussi without a rebound.
6:14 of 1st period - Riley Nash wins face-off versus Joel Armia in Sound Tigers zone.
6:15 of 1st period - Shot by Axel Andersson.
6:15 of 1st period - Stopped by Brandon Bussi with a rebound.
6:29 of 1st period - Shot by Joel Armia.
6:29 of 1st period - Stopped by Tyler Parsons with a rebound.
7:23 of 1st period - Shot by Christian Wolanin.
7:23 of 1st period - Shot Misses the Net.
7:25 of 1st period - Shot by Christian Wolanin.
7:25 of 1st period - Shot Misses the Net.
7:30 of 1st period - Icing by Austin Strand.
7:31 of 1st period - Martin Pospisil wins face-off versus Thomas Tynan in Crunch zone.
7:59 of 1st period - Icing by Austin Strand.
8:00 of 1st period - Eric Staal wins face-off versus Thomas Tynan in Crunch zone.
8:03 of 1st period - Shot by Lukas Sedlak.
8:03 of 1st period - Shot Misses the Net.
8:05 of 1st period - Shot by Travis Dermott.
8:05 of 1st period - Stopped by Tyler Parsons without a rebound.
8:06 of 1st period - Ryan MacInnis wins face-off versus Jean-Christophe Beaudin in Crunch zone.
9:00 of 1st period - Shot by Axel Andersson.
9:00 of 1st period - Stopped by Brandon Bussi without a rebound.
9:01 of 1st period - Thomas Tynan wins face-off versus Jesper Fasth in Sound Tigers zone.
9:22 of 1st period - Shot by Mason Shaw.
9:22 of 1st period - Shot Misses the Net.
9:40 of 1st period - Shot by Mason Shaw.
9:40 of 1st period - Stopped by Brandon Bussi without a rebound.
9:41 of 1st period - Riley Nash wins face-off versus Eric Staal in Sound Tigers zone.
11:23 of 1st period - Shot by Mason Shaw.
11:23 of 1st period - Stopped by Brandon Bussi with a rebound.
11:37 of 1st period - Shot by Jaret Anderson-Dolan.
11:37 of 1st period - Stopped by Tyler Parsons with a rebound.
12:26 of 1st period - Shot by Eric Staal.
12:26 of 1st period - Deflect By Tyler Pitlick.
12:26 of 1st period - Shot Misses the Net.
12:29 of 1st period - Icing by Garnet Hathaway.
12:30 of 1st period - Riley Nash wins face-off versus Ryan MacInnis in Crunch zone.
12:52 of 1st period - Shot by Brett Ritchie.
12:52 of 1st period - Shot Blocked by Axel Andersson.
13:38 of 1st period - Martin Pospisil is hit by Vojtech Budik and loses puck.
14:30 of 1st period - Shot by Eric Staal.
14:30 of 1st period - Shot Blocked by Austin Strand.
14:32 of 1st period - Shot by Eric Staal.
14:32 of 1st period - Goal by Eric Staal - Crunch : 2 - Sound Tigers : 2.
14:33 of 1st period - Jaret Anderson-Dolan wins face-off versus Thomas Tynan in neutral zone.
14:42 of 1st period - Shot by Jaret Anderson-Dolan.
14:42 of 1st period - Deflect By Joel Armia.
14:42 of 1st period - Shot Misses the Net.
15:02 of 1st period - Shot by Mike Vecchione.
15:02 of 1st period - Shot Blocked by Ashton Sautner.
15:09 of 1st period - Icing by Joel Armia.
15:10 of 1st period - Jaret Anderson-Dolan wins face-off versus Riley Nash in Sound Tigers zone.
15:27 of 1st period - Shot by Blaine Byron.
15:27 of 1st period - Shot Misses the Net.
15:33 of 1st period - Shot by Garnet Hathaway.
15:33 of 1st period - Shot Misses the Net.
15:35 of 1st period - Shot by Riley Nash.
15:35 of 1st period - Shot Blocked by Ashton Sautner.
15:37 of 1st period - Shot by Xavier Bouchard.
15:37 of 1st period - Goal by Xavier Bouchard - Crunch : 3 - Sound Tigers : 2.
15:38 of 1st period - Eric Staal wins face-off versus Jean-Christophe Beaudin in neutral zone.
15:38 of 1st period - Eric Staal is hit by Nicolas Aube-Kubel.
15:47 of 1st period - Lukas Sedlak is hit by Mikko Kokkonen.
16:03 of 1st period - Shot by Jean-Christophe Beaudin.
16:03 of 1st period - Shot Misses the Net.
16:10 of 1st period - Paul Bittner is hit by Christian Wolanin and loses puck.
16:39 of 1st period - Shot by Brett Ritchie.
16:39 of 1st period - Deflect By Ryan MacInnis.
16:39 of 1st period - Stopped by Tyler Parsons without a rebound.
16:40 of 1st period - Thomas Tynan wins face-off versus Ryan MacInnis in Crunch zone.
16:45 of 1st period - Brett Ritchie is hit by Mike Vecchione and loses puck.
16:58 of 1st period - Brett Ritchie is hit by Mason Shaw and loses puck.
17:04 of 1st period - Icing by Jack Kopacka.
17:05 of 1st period - Blaine Byron wins face-off versus Ryan MacInnis in Sound Tigers zone.
17:05 of 1st period - Jaycob Megna is hit by Jimmy Schuldt and loses puck.
17:20 of 1st period - Shot by Jack Kopacka.
17:20 of 1st period - Shot Misses the Net.
17:22 of 1st period - Shot by Jack Kopacka.
17:22 of 1st period - Stopped by Tyler Parsons without a rebound.
17:23 of 1st period - Thomas Tynan wins face-off versus Jaret Anderson-Dolan in Crunch zone.
17:32 of 1st period - Shot by Joel Armia.
17:32 of 1st period - Deflect By Jesper Fasth.
17:32 of 1st period - Stopped by Tyler Parsons without a rebound.
17:33 of 1st period - Patrick Harper wins face-off versus Jaret Anderson-Dolan in Crunch zone.
17:33 of 1st period - Patrick Harper is hit by Joel Armia.
17:49 of 1st period - Shot by Jaret Anderson-Dolan.
17:49 of 1st period - Shot Misses the Net.
17:51 of 1st period - Shot by Joel Armia.
17:51 of 1st period - Goal by Joel Armia - Crunch : 3 - Sound Tigers : 3.
17:52 of 1st period - Riley Nash wins face-off versus Eric Staal in neutral zone.
18:07 of 1st period - Shot by Lukas Sedlak.
18:07 of 1st period - Shot Misses the Net.
18:09 of 1st period - Shot by Lukas Sedlak.
18:09 of 1st period - Shot Misses the Net.
18:11 of 1st period - Shot by Zach Bogosian.
18:11 of 1st period - Deflect By Eric Staal.
18:11 of 1st period - Shot Blocked by Axel Andersson.
18:13 of 1st period - Shot by Zach Bogosian.
18:13 of 1st period - Shot Misses the Net.
18:54 of 1st period - Joel Armia is hit by Mikko Kokkonen and loses puck.
Goals for this period are 3 for Crunch vs 3 for Sound Tigers.
Shots for this period are 11 for Crunch vs 12 for Sound Tigers.

2nd period


0:01 of 2nd period - Thomas Tynan wins face-off versus Jaret Anderson-Dolan in neutral zone.
0:22 of 2nd period - Shot by Mike Vecchione.
0:22 of 2nd period - Shot Blocked by Travis Dermott.
0:24 of 2nd period - Shot by Mason Shaw.
0:24 of 2nd period - Stopped by Brandon Bussi without a rebound.
0:25 of 2nd period - Eric Staal wins face-off versus Jean-Christophe Beaudin in Sound Tigers zone.
0:38 of 2nd period - Shot by Nicolas Aube-Kubel.
0:38 of 2nd period - Shot Blocked by Zach Bogosian.
0:50 of 2nd period - Shot by Jean-Christophe Beaudin.
0:50 of 2nd period - Shot Misses the Net.
0:52 of 2nd period - Shot by Xavier Bouchard.
0:52 of 2nd period - Shot Blocked by Zach Bogosian.
0:54 of 2nd period - Shot by Nicolas Aube-Kubel.
0:54 of 2nd period - Shot Misses the Net.
0:56 of 2nd period - Shot by Jean-Christophe Beaudin.
0:56 of 2nd period - Shot Blocked by Zach Bogosian.
1:04 of 2nd period - Shot by Nicolas Aube-Kubel.
1:04 of 2nd period - Shot Misses the Net.
1:42 of 2nd period - Shot by Thomas Tynan.
1:42 of 2nd period - Stopped by Brandon Bussi with a rebound.
1:45 of 2nd period - Icing by Travis Dermott.
1:46 of 2nd period - Garnet Hathaway wins face-off versus Jaret Anderson-Dolan in Sound Tigers zone.
1:46 of 2nd period - Axel Andersson is hit by Travis Dermott and loses puck.
2:20 of 2nd period - Blaine Byron is hit by Joel Armia and loses puck.
2:42 of 2nd period - Icing by Blaine Byron.
2:43 of 2nd period - Jack Kopacka wins face-off versus Riley Nash in Crunch zone.
2:43 of 2nd period - Markus Phillips is hit by Axel Andersson and loses puck.
3:17 of 2nd period - Shot by Jimmy Schuldt.
3:17 of 2nd period - Stopped by Tyler Parsons with a rebound.
3:19 of 2nd period - Shot by Brett Ritchie.
3:19 of 2nd period - Stopped by Tyler Parsons with a rebound.
3:40 of 2nd period - Minor Penalty to Zach Bogosian for Hooking.
3:41 of 2nd period - Thomas Tynan wins face-off versus Joel Armia in Sound Tigers zone.
3:50 of 2nd period - Shot by Travis Dermott.
3:50 of 2nd period - Goal by Travis Dermott - Crunch : 3 - Sound Tigers : 4.
3:51 of 2nd period - Thomas Tynan wins face-off versus Joel Armia in neutral zone.
4:41 of 2nd period - Shot by Vojtech Budik.
4:41 of 2nd period - Stopped by Brandon Bussi with a rebound.
4:43 of 2nd period - Shot by Jean-Christophe Beaudin.
4:43 of 2nd period - Stopped by Brandon Bussi without a rebound.
4:44 of 2nd period - Thomas Tynan wins face-off versus Jesper Fasth in Sound Tigers zone.
5:31 of 2nd period - Off-side.
5:32 of 2nd period - Riley Nash wins face-off versus Joel Armia in neutral zone.
5:42 of 2nd period - Icing by Axel Andersson.
5:43 of 2nd period - Eric Staal wins face-off versus Jean-Christophe Beaudin in Crunch zone.
5:46 of 2nd period - Shot by Eric Staal.
5:46 of 2nd period - Shot Blocked by Xavier Bouchard.
6:02 of 2nd period - Shot by Tyler Pitlick.
6:02 of 2nd period - Shot Misses the Net.
6:04 of 2nd period - Shot by Eric Staal.
6:04 of 2nd period - Stopped by Tyler Parsons without a rebound.
6:05 of 2nd period - Patrick Harper wins face-off versus Ryan MacInnis in Crunch zone.
6:05 of 2nd period - Patrick Harper is hit by Brett Ritchie.
6:10 of 2nd period - Kody Clark is hit by Travis Dermott and loses puck.
6:13 of 2nd period - Shot by Thomas Tynan.
6:13 of 2nd period - Shot Blocked by Travis Dermott.
6:24 of 2nd period - Patrick Harper is hit by Ashton Sautner and loses puck.
6:42 of 2nd period - Icing by Ashton Sautner.
6:43 of 2nd period - Jean-Christophe Beaudin wins face-off versus Ryan MacInnis in Sound Tigers zone.
6:43 of 2nd period - Jean-Christophe Beaudin is hit by Travis Dermott.
6:53 of 2nd period - Shot by Nicolas Aube-Kubel.
6:53 of 2nd period - Shot Misses the Net.
6:57 of 2nd period - Shot by Nicolas Aube-Kubel.
6:57 of 2nd period - Shot Blocked by Ashton Sautner.
7:13 of 2nd period - Shot by Nicolas Aube-Kubel.
7:13 of 2nd period - Shot Misses the Net.
7:15 of 2nd period - Shot by Jean-Christophe Beaudin.
7:15 of 2nd period - Stopped by Brandon Bussi with a rebound.
7:17 of 2nd period - Shot by Jean-Christophe Beaudin.
7:17 of 2nd period - Stopped by Brandon Bussi without a rebound.
7:18 of 2nd period - Blaine Byron wins face-off versus Jaret Anderson-Dolan in Sound Tigers zone.
9:12 of 2nd period - Off-side.
9:13 of 2nd period - Ryan MacInnis wins face-off versus Jean-Christophe Beaudin in neutral zone.
9:20 of 2nd period - Shot by Brett Ritchie.
9:20 of 2nd period - Shot Blocked by Xavier Bouchard.
9:22 of 2nd period - Shot by Travis Dermott.
9:22 of 2nd period - Stopped by Tyler Parsons without a rebound.
9:23 of 2nd period - Patrick Harper wins face-off versus Jaret Anderson-Dolan in Crunch zone.
9:34 of 2nd period - Shot by Patrick Harper.
9:34 of 2nd period - Stopped by Brandon Bussi without a rebound.
9:35 of 2nd period - Jean-Christophe Beaudin wins face-off versus Joel Armia in Sound Tigers zone.
9:36 of 2nd period - Shot by Paul Bittner.
9:36 of 2nd period - Stopped by Brandon Bussi without a rebound.
9:37 of 2nd period - Jean-Christophe Beaudin wins face-off versus Jaret Anderson-Dolan in Sound Tigers zone.
10:30 of 2nd period - Ryan MacInnis is hit by Paul Bittner and loses puck.
10:37 of 2nd period - Shot by Zach Bogosian.
10:37 of 2nd period - Shot Misses the Net.
10:39 of 2nd period - Shot by Christian Wolanin.
10:39 of 2nd period - Shot Misses the Net.
10:41 of 2nd period - Shot by Brett Ritchie.
10:41 of 2nd period - Deflect By Jack Kopacka.
10:41 of 2nd period - Stopped by Tyler Parsons with a rebound.
11:22 of 2nd period - Mason Shaw is hit by Markus Phillips.
11:28 of 2nd period - Shot by Mason Shaw.
11:28 of 2nd period - Stopped by Brandon Bussi with a rebound.
11:32 of 2nd period - Shot by Mike Vecchione.
11:32 of 2nd period - Shot Blocked by Lukas Sedlak.
11:34 of 2nd period - Shot by Mike Vecchione.
11:34 of 2nd period - Shot Blocked by Markus Phillips.
11:43 of 2nd period - Icing by Lukas Sedlak.
11:44 of 2nd period - Eric Staal wins face-off versus Riley Nash in Sound Tigers zone.
11:44 of 2nd period - Eric Staal is hit by Garnet Hathaway.
11:53 of 2nd period - Icing by Vojtech Budik.
11:54 of 2nd period - Jaret Anderson-Dolan wins face-off versus Riley Nash in Crunch zone.
11:57 of 2nd period - Shot by Jesper Fasth.
11:57 of 2nd period - Shot Misses the Net.
12:00 of 2nd period - Icing by Vojtech Budik.
12:01 of 2nd period - Riley Nash wins face-off versus Jaret Anderson-Dolan in Crunch zone.
12:01 of 2nd period - Riley Nash is hit by Joel Armia.
12:09 of 2nd period - Jesper Fasth is hit by Garnet Hathaway and loses puck.
12:26 of 2nd period - Shot by Blaine Byron.
12:26 of 2nd period - Shot Misses the Net.
12:32 of 2nd period - Shot by Garnet Hathaway.
12:32 of 2nd period - Shot Misses the Net.
12:34 of 2nd period - Shot by Riley Nash.
12:34 of 2nd period - Deflect By Blaine Byron.
12:34 of 2nd period - Shot Blocked by Travis Dermott.
12:36 of 2nd period - Shot by Riley Nash.
12:36 of 2nd period - Deflect By Garnet Hathaway.
12:36 of 2nd period - Shot Misses the Net.
12:38 of 2nd period - Shot by Blaine Byron.
12:38 of 2nd period - Shot Misses the Net.
12:40 of 2nd period - Shot by Garnet Hathaway.
12:40 of 2nd period - Deflect By Riley Nash.
12:40 of 2nd period - Shot Misses the Net.
13:12 of 2nd period - Joel Armia is hit by Mason Shaw and loses puck.
13:57 of 2nd period - Shot by Nicolas Aube-Kubel.
13:57 of 2nd period - Stopped by Brandon Bussi without a rebound.
13:58 of 2nd period - Riley Nash wins face-off versus Eric Staal in Sound Tigers zone.
14:07 of 2nd period - Shot by Blaine Byron.
14:07 of 2nd period - Shot Blocked by Zach Bogosian.
14:09 of 2nd period - Shot by Blaine Byron.
14:09 of 2nd period - Shot Misses the Net.
14:11 of 2nd period - Shot by Riley Nash.
14:11 of 2nd period - Goal by Riley Nash - Crunch : 4 - Sound Tigers : 4.
14:12 of 2nd period - Ryan MacInnis wins face-off versus Thomas Tynan in neutral zone.
14:39 of 2nd period - Shot by Kody Clark.
14:39 of 2nd period - Stopped by Brandon Bussi without a rebound.
14:40 of 2nd period - Eric Staal wins face-off versus Blaine Byron in Sound Tigers zone.
14:44 of 2nd period - Minor Penalty to Zach Bogosian for Cross-checking.
14:45 of 2nd period - Riley Nash wins face-off versus Jack Kopacka in Sound Tigers zone.
14:54 of 2nd period - Shot by Blaine Byron.
14:54 of 2nd period - Stopped by Brandon Bussi without a rebound.
14:55 of 2nd period - Joel Armia wins face-off versus Thomas Tynan in Sound Tigers zone.
15:18 of 2nd period - Shot by Austin Strand.
15:18 of 2nd period - Shot Hit the Post.
15:55 of 2nd period - Jesper Fasth is hit by Garnet Hathaway and loses puck.
16:56 of 2nd period - Brett Ritchie is hit by Nicolas Aube-Kubel and loses puck.
17:34 of 2nd period - Shot by Martin Pospisil.
17:34 of 2nd period - Shot Blocked by Xavier Bouchard.
17:40 of 2nd period - Shot by Martin Pospisil.
17:40 of 2nd period - Deflect By Joel Armia.
17:40 of 2nd period - Stopped by Tyler Parsons without a rebound.
17:41 of 2nd period - Eric Staal wins face-off versus Thomas Tynan in Crunch zone.
18:16 of 2nd period - Shot by Mason Shaw.
18:16 of 2nd period - Shot Misses the Net.
18:22 of 2nd period - Shot by Mason Shaw.
18:22 of 2nd period - Stopped by Brandon Bussi without a rebound.
18:23 of 2nd period - Riley Nash wins face-off versus Jaret Anderson-Dolan in Sound Tigers zone.
18:35 of 2nd period - Joel Armia is hit by Garnet Hathaway and loses puck.
19:24 of 2nd period - Icing by Blaine Byron.
19:25 of 2nd period - Riley Nash wins face-off versus Eric Staal in Crunch zone.
19:25 of 2nd period - Riley Nash is hit by Eric Staal.
19:43 of 2nd period - Shot by Lukas Sedlak.
19:43 of 2nd period - Shot Blocked by Thomas Tynan.
19:45 of 2nd period - Shot by Zach Bogosian.
19:45 of 2nd period - Stopped by Tyler Parsons without a rebound.
19:46 of 2nd period - Ryan MacInnis wins face-off versus Jean-Christophe Beaudin in Crunch zone.
19:46 of 2nd period - Travis Dermott is hit by Xavier Bouchard and loses puck.
Goals for this period are 1 for Crunch vs 1 for Sound Tigers.
Shots for this period are 14 for Crunch vs 8 for Sound Tigers.

3rd period


0:01 of 3rd period - Thomas Tynan wins face-off versus Jaret Anderson-Dolan in neutral zone.
0:09 of 3rd period - Off-side.
0:10 of 3rd period - Martin Pospisil wins face-off versus Patrick Harper in neutral zone.
0:35 of 3rd period - Shot by Joel Armia.
0:35 of 3rd period - Stopped by Tyler Parsons without a rebound.
0:36 of 3rd period - Riley Nash wins face-off versus Eric Staal in Crunch zone.
1:06 of 3rd period - Shot by Blaine Byron.
1:06 of 3rd period - Deflect By Garnet Hathaway.
1:06 of 3rd period - Shot Misses the Net.
1:11 of 3rd period - Icing by Travis Dermott.
1:12 of 3rd period - Thomas Tynan wins face-off versus Eric Staal in Sound Tigers zone.
1:34 of 3rd period - Icing by Austin Strand.
1:35 of 3rd period - Jaret Anderson-Dolan wins face-off versus Thomas Tynan in Crunch zone.
1:56 of 3rd period - Shot by Jaret Anderson-Dolan.
1:56 of 3rd period - Stopped by Tyler Parsons without a rebound.
1:57 of 3rd period - Ryan MacInnis wins face-off versus Garnet Hathaway in Crunch zone.
2:08 of 3rd period - Blaine Byron is hit by Brett Ritchie and loses puck.
2:31 of 3rd period - Shot by Jack Kopacka.
2:31 of 3rd period - Stopped by Tyler Parsons with a rebound.
2:33 of 3rd period - Shot by Jack Kopacka.
2:33 of 3rd period - Shot Misses the Net.
2:35 of 3rd period - Shot by Jimmy Schuldt.
2:35 of 3rd period - Stopped by Tyler Parsons with a rebound.
2:37 of 3rd period - Shot by Jimmy Schuldt.
2:37 of 3rd period - Shot Blocked by Garnet Hathaway.
2:55 of 3rd period - Shot by Nicolas Aube-Kubel.
2:55 of 3rd period - Stopped by Brandon Bussi without a rebound.
2:56 of 3rd period - Thomas Tynan wins face-off versus Eric Staal in Sound Tigers zone.
2:56 of 3rd period - Austin Strand is hit by Christian Wolanin and loses puck.
3:16 of 3rd period - Tyler Pitlick is hit by Jaycob Megna and loses puck.
3:36 of 3rd period - Minor Penalty to Zach Bogosian for Delaying the game.
3:37 of 3rd period - Riley Nash wins face-off versus Joel Armia in Sound Tigers zone.
3:46 of 3rd period - Shot by Blaine Byron.
3:46 of 3rd period - Stopped by Brandon Bussi without a rebound.
3:47 of 3rd period - Riley Nash wins face-off versus Joel Armia in Sound Tigers zone.
3:48 of 3rd period - Shot by Austin Strand.
3:48 of 3rd period - Shot Misses the Net.
3:50 of 3rd period - Shot by Austin Strand.
3:50 of 3rd period - Shot Hit the Post.
3:52 of 3rd period - Shot by Garnet Hathaway.
3:52 of 3rd period - Shot Misses the Net.
4:04 of 3rd period - Shot by Ashton Sautner.
4:04 of 3rd period - Stopped by Tyler Parsons without a rebound.
4:05 of 3rd period - Mason Shaw wins face-off versus Joel Armia in Crunch zone.
4:17 of 3rd period - Icing by Mason Shaw.
4:18 of 3rd period - Thomas Tynan wins face-off versus Joel Armia in Crunch zone.
4:28 of 3rd period - Shot by Thomas Tynan.
4:28 of 3rd period - Stopped by Brandon Bussi without a rebound.
4:29 of 3rd period - Riley Nash wins face-off versus Joel Armia in Sound Tigers zone.
4:30 of 3rd period - Shot by Blaine Byron.
4:30 of 3rd period - Stopped by Brandon Bussi without a rebound.
4:31 of 3rd period - Joel Armia wins face-off versus Thomas Tynan in Sound Tigers zone.
4:59 of 3rd period - Off-side.
5:00 of 3rd period - Riley Nash wins face-off versus Joel Armia in neutral zone.
6:04 of 3rd period - Icing by Xavier Bouchard.
6:05 of 3rd period - Eric Staal wins face-off versus Jean-Christophe Beaudin in Crunch zone.
6:06 of 3rd period - Shot by Tyler Pitlick.
6:06 of 3rd period - Stopped by Tyler Parsons without a rebound.
6:07 of 3rd period - Eric Staal wins face-off versus Thomas Tynan in Crunch zone.
6:46 of 3rd period - Shot by Travis Dermott.
6:46 of 3rd period - Stopped by Tyler Parsons without a rebound.
6:47 of 3rd period - Jaret Anderson-Dolan wins face-off versus Riley Nash in Crunch zone.
6:50 of 3rd period - Shot by Jesper Fasth.
6:50 of 3rd period - Shot Misses the Net.
6:52 of 3rd period - Shot by Jesper Fasth.
6:52 of 3rd period - Shot Blocked by Axel Andersson.
7:24 of 3rd period - Shot by Joel Armia.
7:24 of 3rd period - Stopped by Tyler Parsons without a rebound.
7:25 of 3rd period - Ryan MacInnis wins face-off versus Jean-Christophe Beaudin in Crunch zone.
7:26 of 3rd period - Shot by Jack Kopacka.
7:26 of 3rd period - Stopped by Tyler Parsons without a rebound.
7:27 of 3rd period - Thomas Tynan wins face-off versus Eric Staal in Crunch zone.
7:37 of 3rd period - Mason Shaw is hit by Ashton Sautner and loses puck.
8:27 of 3rd period - Christian Wolanin is hit by Garnet Hathaway and loses puck.
8:49 of 3rd period - Blaine Byron is hit by Zach Bogosian and loses puck.
8:55 of 3rd period - Garnet Hathaway is hit by Zach Bogosian and loses puck.
9:25 of 3rd period - Shot by Brett Ritchie.
9:25 of 3rd period - Stopped by Tyler Parsons with a rebound.
9:27 of 3rd period - Shot by Ryan MacInnis.
9:27 of 3rd period - Stopped by Tyler Parsons without a rebound.
9:28 of 3rd period - Eric Staal wins face-off versus Patrick Harper in Crunch zone.
9:43 of 3rd period - Shot by Kody Clark.
9:43 of 3rd period - Shot Misses the Net.
10:05 of 3rd period - Shot by Eric Staal.
10:05 of 3rd period - Deflect By Tyler Pitlick.
10:05 of 3rd period - Stopped by Tyler Parsons with a rebound.
10:07 of 3rd period - Shot by Eric Staal.
10:07 of 3rd period - Shot Misses the Net.
10:14 of 3rd period - Icing by Austin Strand.
10:15 of 3rd period - Patrick Harper wins face-off versus Brett Ritchie in Crunch zone.
10:20 of 3rd period - Jimmy Schuldt is hit by Kody Clark and loses puck.
11:21 of 3rd period - Shot by Joel Armia.
11:21 of 3rd period - Shot Misses the Net.
11:33 of 3rd period - Shot by Jaret Anderson-Dolan.
11:33 of 3rd period - Stopped by Tyler Parsons without a rebound.
11:34 of 3rd period - Jean-Christophe Beaudin wins face-off versus Eric Staal in Crunch zone.
11:36 of 3rd period - Icing by Nicolas Aube-Kubel.
11:37 of 3rd period - Jean-Christophe Beaudin wins face-off versus Eric Staal in Crunch zone.
11:44 of 3rd period - Shot by Tyler Pitlick.
11:44 of 3rd period - Stopped by Tyler Parsons without a rebound.
11:45 of 3rd period - Jean-Christophe Beaudin wins face-off versus Martin Pospisil in Crunch zone.
11:52 of 3rd period - Shot by Nicolas Aube-Kubel.
11:52 of 3rd period - Stopped by Brandon Bussi with a rebound.
11:57 of 3rd period - Icing by Martin Pospisil.
11:58 of 3rd period - Mike Vecchione wins face-off versus Martin Pospisil in Sound Tigers zone.
12:09 of 3rd period - Shot by Thomas Tynan.
12:09 of 3rd period - Shot Misses the Net.
12:27 of 3rd period - Shot by Martin Pospisil.
12:27 of 3rd period - Shot Misses the Net.
13:01 of 3rd period - Shot by Jean-Christophe Beaudin.
13:01 of 3rd period - Shot Blocked by Joel Armia.
13:03 of 3rd period - Shot by Jean-Christophe Beaudin.
13:03 of 3rd period - Stopped by Brandon Bussi without a rebound.
13:04 of 3rd period - Eric Staal wins face-off versus Riley Nash in Sound Tigers zone.
13:27 of 3rd period - Shot by Eric Staal.
13:27 of 3rd period - Stopped by Tyler Parsons without a rebound.
13:28 of 3rd period - Ryan MacInnis wins face-off versus Jean-Christophe Beaudin in Crunch zone.
14:36 of 3rd period - Shot by Christian Wolanin.
14:36 of 3rd period - Shot Misses the Net.
14:50 of 3rd period - Shot by Tyler Pitlick.
14:50 of 3rd period - Stopped by Tyler Parsons with a rebound.
14:52 of 3rd period - Shot by Eric Staal.
14:52 of 3rd period - Shot Misses the Net.
15:00 of 3rd period - Shot by Lukas Sedlak.
15:00 of 3rd period - Deflect By Eric Staal.
15:00 of 3rd period - Stopped by Tyler Parsons without a rebound.
15:01 of 3rd period - Jaret Anderson-Dolan wins face-off versus Riley Nash in Crunch zone.
15:02 of 3rd period - Shot by Jesper Fasth.
15:02 of 3rd period - Stopped by Tyler Parsons without a rebound.
15:03 of 3rd period - Riley Nash wins face-off versus Jesper Fasth in Crunch zone.
15:13 of 3rd period - Shot by Jesper Fasth.
15:13 of 3rd period - Shot Misses the Net.
15:25 of 3rd period - Shot by Joel Armia.
15:25 of 3rd period - Shot Blocked by Vojtech Budik.
15:32 of 3rd period - Jaret Anderson-Dolan is hit by Xavier Bouchard.
15:37 of 3rd period - Jaret Anderson-Dolan is hit by Xavier Bouchard and loses puck.
15:57 of 3rd period - Off-side.
15:58 of 3rd period - Thomas Tynan wins face-off versus Eric Staal in neutral zone.
16:12 of 3rd period - Off-side.
16:13 of 3rd period - Ryan MacInnis wins face-off versus Jean-Christophe Beaudin in neutral zone.
16:22 of 3rd period - Shot by Brett Ritchie.
16:22 of 3rd period - Stopped by Tyler Parsons without a rebound.
16:23 of 3rd period - Thomas Tynan wins face-off versus Eric Staal in Crunch zone.
16:25 of 3rd period - Icing by Mason Shaw.
16:26 of 3rd period - Jaret Anderson-Dolan wins face-off versus Thomas Tynan in Crunch zone.
16:29 of 3rd period - Shot by Jesper Fasth.
16:29 of 3rd period - Shot Blocked by Austin Strand.
16:31 of 3rd period - Shot by Ashton Sautner.
16:31 of 3rd period - Shot Misses the Net.
16:35 of 3rd period - Shot by Joel Armia.
16:35 of 3rd period - Stopped by Tyler Parsons without a rebound.
16:36 of 3rd period - Jaret Anderson-Dolan wins face-off versus Patrick Harper in Crunch zone.
16:43 of 3rd period - Shot by Joel Armia.
16:43 of 3rd period - Shot Blocked by Austin Strand.
17:00 of 3rd period - Shot by Thomas Tynan.
17:00 of 3rd period - Stopped by Brandon Bussi without a rebound.
17:01 of 3rd period - Riley Nash wins face-off versus Eric Staal in Sound Tigers zone.
17:01 of 3rd period - Axel Andersson is hit by Zach Bogosian and loses puck.
17:16 of 3rd period - Blaine Byron is hit by Zach Bogosian and loses puck.
17:27 of 3rd period - Shot by Riley Nash.
17:27 of 3rd period - Shot Misses the Net.
18:35 of 3rd period - Jaret Anderson-Dolan is hit by Austin Strand and loses puck.
18:43 of 3rd period - Off-side.
18:44 of 3rd period - Jean-Christophe Beaudin wins face-off versus Ryan MacInnis in neutral zone.
18:58 of 3rd period - Shot by Ryan MacInnis.
18:58 of 3rd period - Shot Blocked by Xavier Bouchard.
19:00 of 3rd period - Shot by Brett Ritchie.
19:00 of 3rd period - Goal by Brett Ritchie - Crunch : 4 - Sound Tigers : 5.
19:01 of 3rd period - Thomas Tynan wins face-off versus Jaret Anderson-Dolan in neutral zone.
19:21 of 3rd period - Crunch, Tyler Parsons is pulled from the net.
Goals for this period are 0 for Crunch vs 1 for Sound Tigers.
Shots for this period are 7 for Crunch vs 21 for Sound Tigers.